AoeStats
← partial_winner

Enclosed

506012148Analyzed
1v1 RM · 20d ago on Sep 12, 2026· 45m 26s· 2 players
Game mode
Random Map
Map size
Tiny (2 player)
Population
200
Speed
Normal
Resources
Standard
Victory
Conquest
Starting age
Dark Age
Ending age
Imperial Age
RankedLock teamsTeams togetherTeam positionsShared explorationLock speedFull tech treeHidden civsTurbo modeCheats
Victory
Defeat
🇺🇸 Burgundians · United States
1106
+15
🇺🇸 Huns · United States
1086
-15
Amol
9:19 Feudal Age
9:25 Loom
10:07 Double-Bit Axe
13:30 Horse Collar
16:50 Fletching
17:01 Padded Archer Armor
26:00 Castle Age
25:38 Scale Mail Armor
28:47 Husbandry
30:57 Bow Saw
31:14 Gold Mining
32:22 Bloodlines
32:22 Bodkin Arrow
38:29 Wheelbarrow
partial_winner
6:28 Loom
10:20 Feudal Age
10:23 Man-at-Arms
14:12 Padded Archer Armor
14:58 Double-Bit Axe
15:54 Fletching
22:47 Castle Age
21:05 Gold Mining
22:50 Scale Barding Armor
22:56 Forging
30:42 Cavalier
31:27 Husbandry
32:49 Town Watch
34:47 Chain Barding Armor
35:20 Wheelbarrow
36:39 Iron Casting
36:04 Stone Mining
44:38 Imperial Age
43:24 Burgundian Vineyards
46:05 Plate Barding Armor
46:31 Blast Furnace
45:13 Horse Collar
45:45 Bow Saw
46:12 Stone Shaft Mining
46:15 Gold Shaft Mining
Connection lost

Rejoining the realm…

Still unreachable

The connection could not be restored.

Session expired

The server has moved on; the page needs a fresh start.